 Dungeon Crawl Stone Soup version 0.29.1-2-gbd0b4ee654 (webtiles) character file.

Game seed: 18090473996932623775

4 Icepheonix32 the Chiller (level 1, 0/11 HPs)
             Began as an Octopode Ice Elementalist on Oct 31, 2022.
             Slain by a jackal (2 damage)
             ... on level 1 of the Dungeon.
             The game lasted 00:00:11 (31 turns).

Icepheonix32 the Chiller (Octopode Ice Elementalist)  Turns: 31, Time: 00:00:12

Health: 0/11       AC:  1    Str:  7    XL:     1   Next: 60%
Magic:  1/3        EV: 13    Int: 17    God:
Gold:   0          SH:  0    Dex: 12    Spells: 3/4 levels left

rFire   . . .      SeeInvis .   (no weapon)
rCold   . . .      Faith    .   (no shield)
rNeg    . . .      Spirit   .   (helmet restricted)
rPois   .          Reflect  .   (no amulet)
rElec   .          Harm     .   (no ring)
rCorr   .          Rampage  .   (no ring)
Will    .....                   (no ring)
Stlth   +++.......              (no ring)
HPRegen 0.03/turn               (no ring)
MPRegen 0.08/turn               (no ring)
                                (no ring)
                                (no ring)

@: no status effects
A: almost no armour, amphibious, 8 rings, camouflage 1, gelatinous body 1,
(nimble swimmer 1), tentacles
a: no special abilities


You were on level 1 of the Dungeon.
You visited 1 branch of the dungeon, and saw 1 of its levels.

Inventory:

Potions
 a - a potion of magic


   Skills:
 - Level 2.0 Dodging
 - Level 2.6 Stealth
 - Level 2.0 Spellcasting
 + Level 4.2 Ice Magic


You had 3 spell levels left.
You knew the following spells:

 Your Spells              Type           Power      Damage    Failure   Level
a - Freeze                Ice            64%        1d8       3%          1

Your spell library contained the following spells:

 Spells                   Type           Power      Damage    Failure   Level
 Frozen Ramparts          Ice            32%        1d5       11%         3
 Ozocubu's Armour         Ice            16%        N/A       11%         3
 Hailstorm                Conj/Ice       8%         3d4       63%         4


Dungeon Overview and Level Annotations

Branches:
Dungeon (1/15)

Altars:


Innate Abilities, Weirdness & Mutations

You cannot wear most types of armour.
You are amphibious.
You can wear up to eight rings at the same time.
Your skin changes colour to match your surroundings (Stealth+).
Your rubbery body absorbs attacks. (AC +1, EV +1)
((You are camouflaged when in or above water. (Stealth+)))
You have tentacles for arms and can constrict up to eight enemies at once.


Message History

You constrict the jackal, but do no damage.
The jackal misses you. The jackal barely misses you.
You tentacle-slap the jackal.
The jackal is moderately wounded.
You constrict the jackal, but do no damage.
The jackal closely misses you.
You tentacle-slap the jackal. You squeeze the jackal.
You kill the jackal!
You tentacle-slap the jackal but do no damage.
Your grab misses the jackal. The jackal closely misses you.
The jackal bites you.
You closely miss the jackal. You grab the jackal.
You constrict the jackal, but do no damage.
The jackal closely misses you.
You barely miss the jackal.
You constrict the jackal, but do no damage.
The jackal closely misses you. The jackal barely misses you.
You tentacle-slap the jackal. You squeeze the jackal.
The jackal is heavily wounded.
You constrict the jackal, but do no damage.
The jackal closely misses you.
You tentacle-slap the jackal but do no damage.
The jackal is heavily wounded.
You constrict the jackal. The jackal bites you.
You tentacle-slap the jackal but do no damage.
The jackal is severely wounded.
You constrict the jackal.
You kill the jackal!
The jackal barely misses you.
You closely miss the jackal. You grab the jackal. You constrict the jackal.
The jackal bites you.
You barely miss the jackal.
The jackal is moderately wounded.
You constrict the jackal, but do no damage.
The jackal bites you.
* * * LOW HITPOINT WARNING * * *
The jackal misses you.
You tentacle-slap the jackal but do no damage.
You constrict the jackal. The jackal bites you.
You die...

.. #. #. ###
. #...##
##.#..#### .
#†..h........
#..######....
#..h@........
#####''####.
#8.....§8#
#≈.....§§#
#§.....§§#
#≈.....§§#
#≈..88.§§#
#≈......≈#
#≈....§§≈#


You could see a jackal.

Vanquished Creatures
  3 jackals (D:1)
3 creatures vanquished.

Notes
Turn   | Place    | Note
-------+----------+-------------------------------------------
     0 | D:1      | Icepheonix32 the Octopode Ice Elementalist began the quest
                  | for the Orb.
     0 | D:1      | Reached XP level 1. HP: 11/11 MP: 3/3
    31 | D:1      | Slain by a jackal

Illustrated notes

Levels and vault maps discovered:
D:1:      lightli_arrival_noodles, layout_loops_cross,
          shapermc_ecumenical_altar_flowoftime, corexii_corridor_pit,
          minmay_misc_feat_x, roderic_lattice_a

Action                   || total
-------------------------++-------
Melee: Unarmed           ||    14
       Constrict         ||     3
       Tentacles         ||     2
 Cast: Freeze            ||     3
Dodge: Dodged            ||    17
